 Dungeon Crawl Stone Soup version 0.29.1-2-gbd0b4ee654 (webtiles) character file.

Game seed: 10481967591574432405

60 Caleiyous the Trooper (level 4, -3/29 HPs)
             Began as a Gargoyle Fighter on Nov 24, 2022.
             Killed from afar by Sigmund (5 damage)
             ... with a magic dart
             ... on level 3 of the Dungeon.
             The game lasted 00:03:51 (1884 turns).

Caleiyous the Trooper (Gargoyle Fighter)            Turns: 1884, Time: 00:03:52

Health: -3/29      AC: 13    Str: 21    XL:     4   Next: 6%
Magic:  4/4        EV:  9    Int:  9    God:
Gold:   61         SH:  4    Dex:  9    Spells: 3/3 levels left

rFire   . . .      SeeInvis .   a - +1 spear (venom)
rCold   . . .      Faith    .   c - +0 buckler
rNeg    + . .      Spirit   .   l - +0 scale mail
rPois   ∞          Reflect  .   (no helmet)
rElec   +          Harm     .   (no cloak)
rCorr   .          Rampage  .   i - +0 pair of gloves
Will    .....                   r - +0 pair of boots
Stlth   ..........              (no amulet)
HPRegen 0.09/turn               (no ring)
MPRegen 0.09/turn               (no ring)

@: studying Long Blades
A: sickness immunity, AC +3, negative energy resistance 1, electricity
resistance, torment resistance 1, petrification resistance
a: no special abilities


You were on level 3 of the Dungeon.
You visited 1 branch of the dungeon, and saw 3 of its levels.

You collected 61 gold pieces.

Inventory:

Hand Weapons
 a - a +1 spear of venom (weapon)
 b - a +0 sling
 s - a +0 war axe
 A - a +1 trident of protection
Armour
 c - a +0 buckler (worn)
 i - a +0 pair of gloves (worn)
 l - a +0 scale mail (worn)
 r - a +0 pair of boots (worn)
Scrolls
 e - a scroll of identify {unknown}
 g - 2 scrolls of fear {unknown}
 k - a scroll of silence {unknown}
 m - a scroll of acquirement {unknown}
 o - a scroll of immolation {unknown}
Potions
 d - 3 potions of might
 f - 3 potions of lignification {unknown}
 h - a potion of curing {unknown}
 j - 2 potions of ambrosia {unknown}
 n - a potion of magic {unknown}
 p - a potion of flight {unknown}
 t - a potion of heal wounds {unknown}


   Skills:
 + Level 3.9 Fighting
 + Level 2.4 Axes
 + Level 3.9 Armour
 + Level 3.8 Shields


You had 3 spell levels left.
You didn't know any spells.
Your spell library contained the following spells:

 Spells                   Type           Power      Damage    Failure   Level
 Necrotise                Necr           0%         1d4       80%         1
 Vampiric Draining        Necr           0%         2d6       99%         3
 Agony                    Necr           0%         N/A       100%        5


Dungeon Overview and Level Annotations

Branches:
Dungeon (3/15)

Altars:

Annotations:
D:3 Sigmund


Innate Abilities, Weirdness & Mutations

You are immune to sickness and miasma.
Your stone body is resilient. (AC +3)
You are immune to poison.
You resist negative energy. (rN+)
You are resistant to electric shocks. (rElec)
You are resistant to unholy torment.
You are immune to petrification.


Message History

You bump into the rock wall.
You bump into the rock wall.
You bump into the rock wall.
You feel less confused. Sigmund gestures at you while chanting.
You are confused.
Sigmund closely misses you.
Your +1 spear of venom begins to drip with poison!
a - a +1 spear of venom (weapon)
You're too confused to aim your attacks!
Sigmund barely misses you.
Sigmund says, "Look into my eyes."
Sigmund barely misses you. Sigmund hits you but does no damage.
You are too confused!
You are too confused!
You are too confused!
You barely miss Sigmund. Sigmund casts a spell at you.
You are more confused.
You hit Sigmund.
Sigmund is poisoned.
Sigmund is lightly wounded.
Sigmund hits you with a +0 scythe!
You barely miss Sigmund.
Sigmund is lightly wounded.
Sigmund gestures at you while chanting. You resist with some effort.
You barely miss Sigmund.
Sigmund is lightly wounded.
Sigmund hits you with a +0 scythe! Sigmund gestures at you while chanting.
The magic dart hits you but does no damage.
You bump into the rock wall.
You feel less confused.
Sigmund points at you and mumbles some strange words.
The magic dart hits you!
* * * LOW HITPOINT WARNING * * *
Sigmund casts a spell at you. The magic dart hits you.
You die...

#.#....#####
#.#
####.....##...
#.#
#.)...........#
#.#
#..>...........
...
#.####.###.##.#
#.# #.#
#.###.## # #.#
### #......#
#<#
#.###..###...
#.@...@......
######.......
....... .......
.#.#### .#.#
.#.. +# ..


You could see Sigmund (poisoned).

Vanquished Creatures
  3 worms (D:2)
  2 orcs
  3 endoplasms
  3 giant cockroaches
  2 goblins (D:2)
  4 hobgoblins
  4 kobolds
  3 quokkas
  5 ball pythons
  7 bats
  4 frilled lizards
  8 rats
48 creatures vanquished.

Notes
Turn   | Place    | Note
-------+----------+-------------------------------------------
     0 | D:1      | Caleiyous the Gargoyle Fighter began the quest for the Orb.
     0 | D:1      | Reached XP level 1. HP: 14/14 MP: 1/1
   192 | D:1      | Reached XP level 2. HP: 19/19 MP: 2/2
   767 | D:2      | Reached XP level 3. HP: 23/23 MP: 3/3
  1814 | D:3      | Reached XP level 4. HP: 29/29 MP: 4/4
  1863 | D:3      | Noticed Sigmund
  1884 | D:3      | Killed from afar by Sigmund

Illustrated notes

Levels and vault maps discovered:
D:1:      amcnicky_arrival_abandoned_market, layout_basic
D:2:      minmay_wonky_spiral, layout_basic, reono_crystal_passage,
          kennysheep_generic_room_12
D:3:      layout_basic, minmay_misc_feat_encased, amethyst_killhole,
          uniq_sigmund

Skill      XL: |  1  2 |
---------------+-------+-----
Axes           | 2 |  2.4
Fighting       | |  3.9
Armour         | |  3.9
Shields        | |  3.8

Action                   |  1- 3 |  4- 6 || total
-------------------------+-------+-------++-------
Melee: War axe           |    71 |       ||    71
       Trident           |    43 |     2 ||    45
       Spear             |       |     4 ||     4
 Fire: Sling             |    18 |     2 ||    20
Armor: Scale mail        |    67 |     3 ||    70
Dodge: Dodged            |    57 |     4 ||    61
Block: Buckler           |    29 |     1 ||    30
